 Dungeon Crawl Stone Soup version 0.29.0-4-gdea44cf6ec (webtiles) character file.

Game seed: 8724259961876009793

5 qw the Chopper (level 1, 0/12 HPs)
             Began as a Tengu Warper on Aug 28, 2022.
             Slain by a giant cockroach (2 damage)
             ... on level 1 of the Dungeon.
             The game lasted 00:00:00 (56 turns).

qw the Chopper (Tengu Warper)                         Turns: 56, Time: 00:00:01

Health: 0/12       AC:  3    Str: 11    XL:     1   Next: 80%
Magic:  4/4        EV: 11    Int: 13    God:
Gold:   18         SH:  0    Dex: 13    Spells: 4/4 levels left

rFire   . . .      SeeInvis .   a - +0 hand axe
rCold   . . .      Faith    .   (no shield)
rNeg    . . .      Spirit   .   b - +0 leather armour
rPois   .          Reflect  .   (helmet restricted)
rElec   .          Harm     .   (no cloak)
rCorr   .          Rampage  .   (no gloves)
Will    .....                   (boots unavailable)
Stlth   +.........              (no amulet)
HPRegen 0.04/turn               (no ring)
MPRegen 0.09/turn               (no ring)

@: no status effects
A: beak, talons 3
a: no special abilities


You were on level 1 of the Dungeon.
You visited 1 branch of the dungeon, and saw 1 of its levels.

You collected 18 gold pieces.


Innate Abilities, Weirdness & Mutations

You have a beak for a mouth.
You have claws for feet.


   Skills:
 - Level 2.0 Fighting
 + Level 2.8 Axes
 - Level 1.0 Throwing
 - Level 1.1 Armour
 - Level 2.1 Dodging
 - Level 2.0 Spellcasting
 - Level 2.4 Translocations


You had 4 spell levels left.
You didn't know any spells.
Your spell library contained the following spells:

 Spells                   Type           Power      Damage    Failure   Level
 Blink                    Tloc           14%        N/A       19%         2
 Gell's Gravitas          Tloc           7%         N/A       36%         3
 Lesser Beckoning         Tloc           7%         N/A       36%         3
 Teleport Other           Tloc           7%         N/A       36%         3
 Manifold Assault         Tloc           7%         N/A       98%         5

Inventory:

Hand Weapons
 a - a +0 hand axe (weapon)
Armour
 b - a +0 leather armour (worn)
Scrolls
 c - a scroll of blinking
Potions
 e - a potion of magic {unknown}

Dungeon Overview and Level Annotations

Branches:
Dungeon (1/15)

Altars:


Message History

The quokka barely misses you. The quokka completely misses you.
You hit the quokka.
You kill the quokka!
A dart slug comes into view.
You see here a scroll labelled CINAC XILLYTU.
A giant cockroach, a hobgoblin, an endoplasm and a kobold come into view.
The kobold shouts!
The hobgoblin shouts!
The kobold hits you but does no damage. The dart slug closely misses you.
You hit the dart slug. Your kick misses the dart slug.
The dart slug is lightly wounded.
You closely miss the kobold. The kobold closely misses you.
The dart slug launches a dart at you. The slug dart misses you.
You hit the dart slug. You peck the dart slug.
The dart slug is almost dead.
You hit the kobold but do no damage. The kobold closely misses you.
The dart slug closely misses you.
The giant cockroach completely misses you.
The kobold closely misses you.
You hit the dart slug.
You kill the dart slug!
You closely miss the kobold. You barely miss the giant cockroach.
You hit the endoplasm but do no damage. The giant cockroach misses you.
The endoplasm barely misses you. The kobold hits you with a +0 whip.
You hit the endoplasm but do no damage. You claw the endoplasm.
The endoplasm is moderately wounded.
You closely miss the hobgoblin. You hit the kobold.
You closely miss the giant cockroach.
A bat comes into view.
The giant cockroach bites you. The hobgoblin closely misses you.
The kobold hits you with a +0 whip. The endoplasm hits you.
The bat moves out of view.
You hit the endoplasm.
You kill the endoplasm!
You barely miss the hobgoblin. You hit the kobold.
You hit the giant cockroach but do no damage.
The giant cockroach bites you.
You die...

...b....#.....
.............
............
...........
.......... #.
#......... #.#
#..g...... ..### ...
##.@K......
....#.#.###..#B..#...
.....#.##...##.##
#........?## .#
#...#....## #
#........#
#......#.####
#.##..........
#.)...###...##


You could see a giant cockroach, a hobgoblin, a bat and a kobold.

Vanquished Creatures
  A dart slug (D:1)
  2 endoplasms (D:1)
  A quokka (D:1)
4 creatures vanquished.

Notes
Turn   | Place    | Note
-------+----------+-------------------------------------------
     0 | D:1      | qw the Tengu Warper began the quest for the Orb.
     0 | D:1      | Reached XP level 1. HP: 12/12 MP: 4/4
     0 | D:1      | 0 ||| qw: Version: 0.1-a-89-g26bdef1
     0 | D:1      | 0 ||| qw: Game counter: 3206
     0 | D:1      | 0 ||| qw: Always use a shield: true
     0 | D:1      | 0 ||| qw: God list: Okawaru
     0 | D:1      | 0 ||| qw: Allow faded altars: false
     0 | D:1      | 0 ||| qw: Do Orc after D:15 true
     0 | D:1      | 0 ||| qw: Do second Lair branch before Depths: true
     0 | D:1      | 0 ||| qw: Lair rune preference: random
     0 | D:1      | 0 ||| qw: Plans: Normal
     0 | D:1      | 0 ||| PLANNING D:1-11
    55 | D:1      | HP: 3/12 [kobold/+0 whip (4)]
    56 | D:1      | Slain by a giant cockroach

Levels and vault maps discovered:
D:1:      matt_arrival_diagonals, layout_rooms

Action                   || total
-------------------------++-------
Melee: Hand axe          ||     8
       Kick              ||     1
       Peck              ||     1
Throw: Boomerang         ||     7
Armor: Leather armour    ||     1
Dodge: Dodged            ||    13

Table legend:
 A = Non-vault XP
 B = Vault XP
 C = Vault XP percentage of total XP
 D = Non-vault monster count
 E = Vault monster count
 F = Vault count percentage of total count
                 A         B        C        D         E       F
            +---------+---------+-------+---------+---------+-------
      Total |      10 |       0 |   0.0 |       4 |       0 |   0.0
            +---------+---------+-------+---------+---------+-------
        D:1 |      10 |       0 |   0.0 |       4 |       0 |   0.0
            +---------+---------+-------+---------+---------+-------
